Map: Alaeni Enclave

Players

Maelthor - Winner!

  • Race: Terran Terran
  • Spawn Location: 9:00

Erfeyah - Winner!

  • Race: Protoss Protoss
  • Spawn Location: 3:00

Iluvatar - Winner!

  • Race: Terran Terran
  • Spawn Location: 11:00

athabstract - Winner!

  • Race: Protoss Protoss
  • Spawn Location: 1:00

Berd

  • Race: Zerg Zerg
  • Spawn Location: 3:00

MaDHoma

  • Race: Protoss Protoss
  • Spawn Location: 7:00

wrimer

  • Race: Protoss Protoss
  • Spawn Location: 9:00

aVengerZ

  • Race: Zerg Zerg
  • Spawn Location: 5:00

VOD

Have the link to the VOD?

Description

Time

  • Played on: Nov. 19, 2017, 2:59 p.m.
  • Length: 20:40
Show
View Real Time Build Order
Export as new Build Order

Maelthor Terran - Winner!

Build Orders: Reaper Expand 

Get SALT Encoding   

  12  0:00  SCV  
  13  0:13  SCV  
  14  0:18  Supply Depot  
  14  0:25  SCV  
  15  0:40  SCV  
  16  0:50  Barracks  
  16  0:52  SCV  
  16  0:53  Refinery  
  17  1:05  SCV  
  18  1:17  SCV  
  19  1:36  Orbital Command  
  19  1:37  Reaper  
  19  1:39  Supply Depot  
  20  2:02  SCV  
  20  2:06  Command Center  
  21  2:08  Supply Depot  
  21  2:19  Marine  
  21  2:21  Factory  
  21  2:22  SCV  
  23  2:35  SCV  
  24  2:39  Marine  
  25  2:47  SCV  
  25  2:59  SCV  
  25  3:08  Starport  
  25  3:09  Marine  
  25  3:11  SCV  
  27  3:12  Factory Reactor  
  27  3:15  Barracks  
  27  3:16  Barracks  
  27  3:17  Refinery  
  27  3:23  SCV  
  27  3:25  Orbital Command  
  28  3:27  Marine  
  29  3:35  SCV  
  30  3:45  Medivac  
  32  3:48  Marine  
  32  3:53  SCV  
  32  3:54  SCV  
  35  4:00  Engineering Bay  
  35  4:05  Cyclone  
  35  4:06  Marine  
  35  4:08  SCV x2  
  41  4:18  Marine x2  
  41  4:20  SCV x2  
  45  4:27  Supply Depot  
  45  4:37  Marine x3  
  48  4:55  Medivac  
  48  4:56  Marine x2  
  48  4:58  Barracks Tech Lab, SCV x2  
  54  5:04  Supply Depot  
  54  5:07  Supply Depot  
  54  5:08  Barracks  
  54  5:10  SCV, Barracks  
  55  5:15  Marine x3  
  55  5:17  SCV  
  59  5:22  SCV  
  59  5:24  Terran Infantry Weapons Level 1  
  59  5:26  Engineering Bay  
  57  5:55  Marine x2, Marauder  
  54  6:13  Marine  
  54  6:16  Marine  
  49  6:18  Barracks Tech Lab  
  49  6:19  Barracks Tech Lab  
  49  6:20  Barracks Reactor  
  49  6:21  Medivac x2  
  51  6:27  SCV x2  
  51  6:31  Marine  
  51  6:32  Refinery  
  54  6:35  Marauder  
  56  6:48  Missile Turret  
  56  6:50  Terran Infantry Armor Level 1  
  56  6:51  SCV x2, Medivac x2  
  56  6:53  Command Center  
  62  6:56  Refinery  
  62  7:04  Marine  
  62  7:05  Marine x3, Marauder x2  
  62  7:06  SCV x2  
  72  7:09  Supply Depot  
  72  7:10  Factory Tech Lab  
  72  7:13  Missile Turret  
  72  7:18  SCV  
  72  7:22  Marine  
  74  7:43  Marine x2  
  74  7:44  Marine x2, Marauder x2  
  67  7:46  Medivac x2  
  67  7:47  SCV x2  
  71  7:57  Supply Depot  
  71  7:59  SCV x2  
  71  8:01  Supply Depot, Marine x3  
  71  8:02  Marauder  
  71  8:04  Marine  
  79  8:17  Planetary Fortress  
  79  8:24  Marine x2, Marauder  
  78  8:43  Missile Turret  
  78  8:44  Marine x3, Marauder x2  
  78  8:45  Marine  
  86  8:51  SCV x2, Supply Depot  
  86  8:52  Supply Depot  
  86  8:53  Supply Depot  
  88  8:56  Medivac x2, Armory  
  88  8:58  Stimpack  
  88  8:59  Combat Shields  
  88  9:01  Marine  
  88  9:02  Marine  
  94  9:03  Marauder  
  96  9:20  Marine x3  
  96  9:21  Marine, Marauder  
  102  9:24  Marine  
  102  9:30  Barracks, Missile Turret  
  103  9:31  Missile Turret  
  103  9:32  Missile Turret  
  103  9:37  Missile Turret  
  103  9:38  Marine x3  
  103  9:39  Marauder  
  103  9:42  Marine, Marauder  
  111  9:49  Medivac x2  
  115  9:55  Missile Turret  
  115  9:56  Marine x3  
  118  10:00  Marine, Marauder  
  118  10:02  Barracks  
  118  10:04  Marauder  
  123  10:14  Marine x3  
  126  10:26  Marine  
  126  10:27  Marine, Marauder  
  130  10:29  Barracks Reactor  
  130  10:33  Barracks Reactor  
  130  10:35  Medivac  
  132  10:43  Terran Infantry Weapons Level 2  
  132  10:44  Supply Depot  
  132  10:45  Supply Depot  
  132  10:54  Marine  
  133  10:59  Supply Depot, Terran Vehicle And Ship Armor Level 1  
  133  11:06  SCV x2, Medivac, Marine x4, Marauder  
  133  11:08  Supply Depot  
  133  11:10  Supply Depot  
  143  11:13  Refinery  
  143  11:16  Refinery  
  140  11:30  Marine x8, Marauder  
  140  11:31  Marine  
  134  11:46  Medivac x2  
  120  11:47  Marine  
  120  11:48  Marine x6  
  120  11:49  Marine, Marauder  
  120  11:51  Marine  
  131  12:05  Marine x2  
  131  12:06  Marine x3  
  136  12:16  Marine x4, Marauder  
  142  12:23  Marine  
  142  12:24  Marine x4  
  147  12:33  Marine  
  147  12:34  Marine x2, Marauder  
  151  12:37  Marine  
  151  12:39  Barracks  
  151  12:41  Marine  
  151  12:42  Marine x4, Barracks  
  151  12:44  Barracks  
  134  12:51  Marine x2  
  134  12:52  Marauder  
  134  12:54  Medivac  
  134  12:55  Marauder x2  
  117  12:59  Marine  
  117  13:00  Marine x3  
  117  13:02  Marine  
  113  13:09  Marine  
  114  13:13  Marauder  
  116  13:20  Command Center  
  116  13:26  Medivac x2  
  120  13:28  Terran Infantry Weapons Level 3  
  120  13:30  Terran Infantry Armor Level 2  
  120  13:56  Medivac x2  
  120  13:58  Marine x5, Marauder  
  122  14:26  Medivac  
  120  14:37  Medivac  
  116  14:43  Orbital Command  
  114  14:47  Marine x4, Marauder  
  119  15:08  Marauder  
  114  15:29  Marauder  
  114  15:31  Marine x2, Barracks Reactor  
  114  15:32  Marine, Barracks Reactor  
  113  15:40  Missile Turret  
  113  15:41  Marine x2  
  113  15:42  Missile Turret  
  115  15:45  Missile Turret  
  115  15:49  Marine x3, Missile Turret  
  117  15:51  Marauder  
  117  15:56  Starport Reactor  
  120  15:57  Supply Depot x2  
  120  15:58  Supply Depot  
  120  15:59  Supply Depot, Marine x2  
  120  16:07  Marine  
  115  16:12  Marine x3, Marauder  
  115  16:13  Marine x2  
  115  16:14  Marine  
  115  16:17  Marine x2  
  113  16:29  Marine  
  113  16:30  Marine x3  
  112  16:33  Marauder  
  112  16:42  Marine x2  
  112  16:43  Marine x3  
  117  16:47  Marine  
  117  16:48  Marine  
  119  16:55  Marauder  
  121  17:03  Marine  
  121  17:04  Marine x3  
  125  17:16  Marauder  
  127  17:25  Marine x2  
  128  17:36  Marine x2  
  128  17:37  Marine  
  129  17:38  Marauder  
  132  17:49  Marine  
  132  17:50  Marine  
  130  17:59  Marauder  
  130  18:05  Marine  
  125  18:41  Marine x2  
  125  18:42  Marauder  
  124  19:05  Marine x2  
  124  19:06  Marauder  
  118  19:25  Marine x3  
  118  19:26  Marine x2  
  118  19:27  Marauder  
  125  19:45  Marine x3  
  125  19:46  Marine x3  
  125  19:49  Marauder  
  133  19:54  Orbital Command  
  121  20:22  Marine  
Show
View Real Time Build Order
Export as new Build Order

Erfeyah Protoss - Winner!

Build Orders:  

Get SALT Encoding   

  13  0:08  Probe (Chrono Boost)  
  13  0:15  Probe  
  14  0:23  Pylon  
  14  0:51  Gateway  
  14  0:53  Gateway  
  14  1:03  Assimilator  
  14  1:08  Assimilator  
  14  1:30  Probe  
  15  1:42  Probe  
  15  1:43  Zealot x2  
  20  1:54  Probe  
  20  1:57  Pylon  
  21  2:02  Pylon  
  21  2:06  Probe  
  22  2:11  Gateway  
  22  2:15  Zealot  
  24  2:28  Zealot  
  26  2:34  Probe  
  27  2:43  Zealot  
  29  2:47  Probe  
  30  2:57  Gateway  
  30  2:59  Gateway  
  30  3:02  Probe (Chrono Boost)  
  32  3:14  Probe (Chrono Boost)  
  32  3:17  Probe (Chrono Boost)  
  33  3:24  Cybernetics Core  
  33  3:51  Nexus  
  33  4:00  Stalker x2  
  33  4:01  Stalker  
  29  5:34  Stalker  
  29  5:35  Stalker x3  
  37  5:37  Probe  
  38  5:47  Probe  
  40  5:50  Probe  
  40  5:59  Probe  
  40  6:02  Probe  
  42  6:14  Probe  
  42  6:18  Stalker x4  
  51  6:26  Probe  
  51  6:27  Probe  
  53  6:39  Probe  
  54  7:06  Assimilator  
  54  7:42  Stalker  
  54  7:43  Stalker  
  54  7:44  Probe x2  
  54  7:46  Stalker  
  54  7:48  Stalker  
  54  7:50  Stalker  
  52  7:56  Probe x2  
  35  8:08  Probe x2  
  37  8:21  Probe  
  38  8:33  Probe  
  39  10:32  Zealot x3  
  45  10:44  Cybernetics Core  
  45  10:59  Zealot x3  
  45  11:03  Assimilator  
  51  11:26  Zealot  
  53  11:58  Zealot  
  53  12:06  Stalker  
  34  12:26  Zealot  
  36  12:36  Stalker  
  38  12:53  Stalker  
  40  13:06  Stalker  
  42  13:22  Stalker  
  44  13:36  Stalker  
  46  15:26  Stalker  
  46  15:27  Stalker  
  37  15:56  Stalker  
  39  15:57  Stalker  
  35  16:26  Stalker  
  35  16:27  Stalker  
  37  16:56  Stalker  
  37  16:57  Stalker  
  41  17:26  Stalker  
  41  17:27  Stalker  
  39  18:27  Adept x2  
  43  18:54  Adept  
  45  19:13  Adept  
  39  19:21  Adept  
  27  19:40  Adept  
  29  19:48  Adept  
  31  20:07  Adept  
Show
View Real Time Build Order
Export as new Build Order

Iluvatar Terran - Winner!

Build Orders: MMM Bio 

Get SALT Encoding   

  12  0:02  SCV  
  13  0:15  SCV  
  14  0:21  Supply Depot  
  14  0:37  SCV  
  15  0:45  Barracks  
  15  0:49  SCV  
  16  1:01  SCV  
  17  1:11  Barracks  
  17  1:14  SCV  
  18  1:26  SCV  
  19  1:35  Marine, Supply Depot  
  19  1:39  Orbital Command  
  20  1:48  Barracks  
  20  2:07  Refinery x2  
  20  2:09  SCV  
  21  2:20  Supply Depot, Marine  
  21  2:21  SCV  
  23  2:24  Marine  
  24  2:34  SCV, Marine  
  26  2:38  Marine  
  26  2:40  Supply Depot  
  26  2:42  Marine  
  28  2:46  SCV  
  29  2:59  Barracks Tech Lab  
  29  3:03  Command Center  
  29  3:08  Barracks Tech Lab, Marine  
  30  3:18  Marauder  
  32  3:20  Stimpack  
  32  3:24  SCV  
  33  3:33  Factory  
  33  3:39  Supply Depot  
  33  3:40  Marine x2  
  35  3:44  Combat Shields  
  35  3:48  SCV  
  35  3:51  Marine  
  37  4:00  SCV  
  38  4:04  Marine x2  
  40  4:11  Supply Depot  
  40  4:34  SCV  
  41  4:39  Marine x2, Orbital Command  
  41  4:40  Marine  
  46  4:49  Factory Reactor  
  46  4:51  Starport  
  44  4:56  SCV  
  44  4:57  Marine x2  
  47  5:05  Engineering Bay  
  47  5:07  Engineering Bay  
  47  5:08  SCV  
  48  5:52  Marine x3  
  51  6:01  SCV x2  
  53  6:10  Marine x3  
  56  6:13  SCV x2, Terran Infantry Armor Level 1, Terran Infantry Weapons Level 1  
  58  6:18  Factory Tech Lab  
  58  6:22  Medivac x2  
  62  6:25  SCV  
  62  6:26  SCV  
  62  6:28  Marine x3  
  67  6:38  SCV x2  
  69  6:43  Refinery  
  69  6:45  Marine  
  69  6:46  Marine x2  
  72  6:47  Supply Depot, Refinery  
  72  6:50  SCV x2  
  72  6:52  Medivac x2  
  78  7:02  SCV x2  
  78  7:03  Marine x2  
  78  7:07  Supply Depot  
  82  7:14  SCV x2  
  84  7:18  Hellion  
  86  7:23  Medivac x2, Armory  
  86  7:27  Marine  
  86  7:29  Concussive Shells  
  91  7:31  SCV x2  
  91  7:32  Command Center  
  93  7:43  SCV x2  
  95  8:24  Marine x3  
  98  8:33  Thor  
  104  8:40  Factory x2  
  104  8:42  Marine x2  
  104  8:43  Factory  
  104  8:44  SCV x3  
  104  8:45  Factory  
  104  8:46  Marine  
  110  8:56  SCV x2, Medivac x2  
  110  9:00  Marine x2  
  118  9:04  Marine  
  118  9:08  Refinery  
  119  9:10  Planetary Fortress  
  119  9:14  Refinery  
  119  9:18  Marine x2  
  119  9:22  Marine  
  122  9:26  Unknown  
  122  9:36  Marine  
  124  9:40  Marine  
  124  10:07  Marine  
  124  10:12  Factory Tech Lab  
  124  10:13  Factory Tech Lab x2  
  125  10:18  Terran Infantry Armor Level 2, Terran Infantry Weapons Level 2  
  125  10:19  Marine  
  126  10:25  Supply Depot, Marine  
  126  10:27  Supply Depot x2  
  127  10:29  SCV, Supply Depot  
  127  10:30  SCV x2  
  130  10:37  Marine  
  131  10:43  Marine  
  131  10:46  Thor  
  131  10:48  Thor x2  
  146  10:54  Marine  
  134  11:01  Marine  
  110  11:12  Marine  
  107  11:32  Thor x3  
  125  11:45  Marine x2  
  127  11:47  SCV x3  
  127  11:50  Medivac x2  
  134  11:59  SCV x2  
  136  12:03  Marine  
  137  12:20  Medivac  
  136  12:46  Marine x2  
  138  12:56  Barracks x2  
  138  12:57  Barracks  
  138  12:58  Thor x3  
  138  13:00  Barracks x2  
  138  13:01  Barracks x2  
  138  13:03  Barracks  
  138  13:04  Marine x2  
  158  13:06  Barracks  
  158  13:21  Marine  
  158  13:22  Marine  
  160  13:39  Terran Infantry Weapons Level 3, Marine x2  
  162  13:50  Thor  
  162  13:54  Marine x2  
  170  13:56  Supply Depot  
  170  13:57  Marine x2, Supply Depot  
  170  13:59  Barracks Reactor x3  
  170  14:01  Marine  
  173  14:03  Marine  
  151  14:44  Marine x6  
  151  14:45  Marine  
  148  14:57  Marine  
  148  14:58  Marine x6  
  133  15:00  Thor x2  
  135  15:22  SCV x3  
  138  15:34  SCV x3  
  141  15:39  Missile Turret x2  
  141  15:42  Missile Turret  
  141  15:46  SCV x3  
  130  15:58  SCV x2  
  130  16:10  Thor  
  136  16:12  SCV x3  
  136  16:16  Terran Infantry Armor Level 3  
  113  17:01  Marine x2  
  113  17:07  Marine x2  
  116  17:09  Marine x4  
  116  17:10  Marine x4  
  116  17:11  Marine  
  125  17:19  Marine x2  
  127  17:25  Marine x2  
  127  17:27  Marine x3  
  129  17:50  Marine x3  
  129  17:51  Marine  
  119  17:54  Marine x6  
  117  18:10  Marine x2  
  111  18:16  Marine  
  111  19:39  Marine  
Show
View Real Time Build Order
Export as new Build Order

athabstract Protoss - Winner!

Build Orders:  

Get SALT Encoding   

  12  0:01  Probe  
  13  0:18  Probe (Chrono Boost)  
  14  0:23  Pylon  
  14  0:34  Pylon  
  14  0:37  Probe  
  15  0:44  Gateway  
  16  0:50  Probe  
  16  0:57  Assimilator  
  16  1:05  Probe  
  17  1:21  Probe  
  18  1:27  Pylon  
  18  1:39  Cybernetics Core  
  18  1:42  Probe  
  19  1:48  Zealot  
  21  1:54  Probe (Chrono Boost)  
  22  2:01  Assimilator  
  22  2:09  Probe (Chrono Boost)  
  23  2:16  Stalker  
  23  2:21  Probe (Chrono Boost)  
  26  2:39  Pylon  
  26  2:43  Warp Gate (Chrono Boost)  
  26  2:48  Gateway  
  26  2:50  Gateway  
  26  2:56  Robotics Facility  
  26  3:25  Forge  
  26  3:38  Stalker  
  26  3:40  Stalker x2  
  32  3:45  Observer  
  33  4:06  Warp Prism  
  33  4:08  Stalker  
  33  4:09  Stalker  
  37  4:10  Stalker  
  41  4:19  Pylon  
  41  4:42  Observer  
  42  4:52  Stalker x3  
  34  5:54  Stalker x3  
  40  5:57  Probe  
  41  6:09  Probe  
  42  6:22  Probe  
  43  6:34  Probe  
  44  6:40  Nexus  
  44  6:46  Probe (Chrono Boost)  
  45  6:59  Probe (Chrono Boost)  
  45  7:00  Stalker  
  48  7:04  Probe (Chrono Boost)  
  49  7:10  Stalker  
  51  7:17  Pylon  
  51  7:23  Pylon  
  51  7:26  Probe (Chrono Boost)  
  53  7:38  Probe (Chrono Boost)  
  53  8:26  Stalker x2  
  57  8:27  Stalker  
  57  8:29  Probe (Chrono Boost)  
  62  8:41  Probe (Chrono Boost)  
  62  8:47  Probe (Chrono Boost)  
  63  8:50  Probe (Chrono Boost)  
  63  8:52  Forge  
  63  8:55  Stalker x3  
  67  8:56  Probe  
  70  9:08  Probe  
  71  9:20  Probe, Robotics Bay  
  71  9:23  Robotics Facility  
  72  9:36  Stalker  
  72  9:37  Stalker x2  
  78  9:42  Protoss Ground Weapons Level 1 (Chrono Boost)  
  78  9:48  Probe  
  78  9:51  Probe  
  80  10:00  Probe  
  81  10:07  Extended Thermal Lance  
  82  10:14  Probe (Chrono Boost)  
  82  10:20  Assimilator  
  83  10:24  Assimilator  
  83  10:25  Probe x2 (Chrono Boost)  
  83  10:28  Probe  
  85  10:40  Probe, Pylon  
  86  10:43  Pylon  
  83  11:26  Protoss Ground Armor Level 1, Colossus  
  83  11:27  Colossus  
  95  11:39  Stalker x2  
  99  11:40  Stalker  
  101  11:58  Pylon  
  101  12:00  Pylon  
  101  12:05  Pylon  
  101  12:08  Nexus  
  101  12:20  Warp Prism, Colossus  
  107  12:48  Stalker x2  
  111  12:56  Colossus  
  117  13:12  Probe (Chrono Boost)  
  119  13:13  Probe (Chrono Boost), Colossus  
  126  13:24  Probe x2 (Chrono Boost)  
  126  13:25  Stalker  
  126  13:26  Probe x2, Stalker x2  
  135  13:43  Gateway x2  
  135  13:45  Gateway  
  135  13:46  Gateway  
  135  14:02  Colossus  
  133  14:14  Probe (Chrono Boost)  
  137  14:28  Probe x2 (Chrono Boost)  
  139  14:33  Probe (Chrono Boost)  
  139  14:34  Probe x3 (Chrono Boost)  
  140  14:40  Probe  
  141  14:53  Pylon  
  141  14:55  Pylon  
  141  14:57  Pylon  
  141  15:01  Pylon  
  141  15:03  Pylon, Assimilator  
  141  15:06  Pylon  
  141  15:07  Assimilator  
  141  15:11  Probe x2, Colossus  
  149  15:23  Probe  
  149  15:24  Twilight Council  
  149  15:27  Stalker x3  
  149  15:28  Stalker x2  
  161  15:35  Probe  
  157  16:01  Colossus  
  163  16:04  Stalker x2, Colossus  
  153  16:54  Colossus  
  139  17:35  Colossus  
  143  17:48  Colossus  
  133  18:31  Stalker x2  
  133  18:32  Stalker x3  
  133  18:33  Stalker  
  107  18:54  Stalker x2  
  107  18:55  Stalker  
  113  19:28  Nexus  
Show
View Real Time Build Order
Export as new Build Order

Berd Zerg 

Build Orders: Hatch First 

Get SALT Encoding   

  12  0:02  Drone  
  13  0:08  Drone  
  14  0:17  Overlord  
  14  0:50  Extractor  
  14  0:51  Drone x2  
  14  0:56  Drone  
  16  1:07  Hatchery  
  15  1:14  Spawning Pool  
  15  1:16  Drone  
  15  1:27  Drone x2  
  17  1:37  Drone  
  18  1:47  Overlord  
  18  1:56  Drone  
  19  2:05  Queen  
  21  2:27  Drone  
  22  2:38  Zergling x8  
  22  2:41  Overlord  
  26  2:47  Queen  
  28  2:54  Spine Crawler  
  27  3:01  Zergling x4  
  27  3:03  Metabolic Boost  
  29  3:12  Zergling x4  
  31  3:13  Zergling x2  
  32  3:24  Zergling x2, Baneling Nest  
  32  3:25  Zergling x4  
  34  3:35  Zergling x8  
  38  3:46  Overlord  
  38  3:47  Zergling x2  
  34  4:37  Zergling x6  
  34  4:38  Zergling x8  
  30  5:36  Hatchery  
  30  5:39  Extractor  
  30  5:41  Lair  
  28  5:45  Baneling x2  
  28  5:46  Baneling x6  
  28  5:47  Baneling x3  
  28  5:48  Overlord  
  28  6:12  Roach Warren  
  28  6:16  Drone, Extractor  
  28  6:17  Drone x5  
  32  6:21  Drone x4  
  32  6:22  Drone x4  
  40  6:44  Spore Crawler  
  39  6:52  Extractor  
  39  6:53  Drone x2  
  40  6:55  Drone x2  
  40  6:56  Drone x3  
  45  7:15  Spire  
  44  7:20  Infestation Pit  
  43  7:35  Drone  
  43  7:36  Drone x2  
  46  7:38  Queen  
  48  8:11  Infestor x2  
  52  8:15  Zergling x6  
  52  8:16  Zergling x14  
  52  8:17  Zergling x8  
  60  8:33  Overlord x5  
  60  8:43  Queen  
  62  9:00  Overseer  
  62  9:06  Hive  
  63  9:31  Drone x3  
  65  9:51  Roach x4  
  65  9:52  Roach x5  
  85  9:53  Roach x4  
  91  10:00  Spore Crawler  
  91  10:05  Spore Crawler  
  89  10:07  Extractor  
  89  10:10  Extractor  
  87  10:25  Ultralisk Cavern  
  86  10:44  Mutalisk x6  
  86  10:49  Hatchery  
  97  11:02  Baneling x6  
  91  11:17  Chitinous Plating  
  89  11:30  Greater Spire  
  89  11:56  Overseer  
  69  12:43  Mutalisk x4  
  69  12:44  Mutalisk  
  61  12:45  Overlord, Mutalisk x4  
  61  12:46  Overlord x2  
  61  12:47  Mutalisk  
  77  13:14  Drone x3  
  80  13:22  Overlord x3  
  76  13:54  Ultralisk x3  
  76  13:55  Ultralisk  
  98  14:16  Ultralisk  
  98  14:25  Zergling x4  
  98  14:26  Zergling x8  
  103  14:56  Drone x3  
  102  15:47  Corruptor x2  
  106  16:00  Drone  
  106  16:01  Drone x2  
  103  16:50  Corruptor  
  103  16:51  Corruptor x2  
  103  16:52  Corruptor  
  97  18:11  Ultralisk x4  
  97  18:12  Ultralisk x2  
  133  18:14  Overlord x6  
  133  18:15  Overlord x2  
  69  19:07  Ultralisk x3  
  65  19:29  Ultralisk x2  
  71  19:39  Ultralisk  
  71  19:40  Ultralisk  
Show
View Real Time Build Order
Export as new Build Order

MaDHoma Protoss 

Build Orders:  

Get SALT Encoding   

  12  0:02  Probe (Chrono Boost)  
  14  0:14  Probe (Chrono Boost)  
  14  0:19  Pylon  
  14  0:27  Probe  
  15  0:34  Assimilator  
  15  0:42  Gateway  
  15  0:50  Probe  
  16  0:58  Forge  
  16  1:08  Pylon  
  16  1:13  Probe  
  17  1:25  Probe  
  18  1:38  Cybernetics Core  
  18  1:49  Photon Cannon  
  18  1:53  Photon Cannon, Zealot  
  20  2:11  Probe  
  21  2:20  Stalker  
  23  2:50  Stalker  
  25  2:51  Nexus  
  25  3:18  Warp Gate  
  25  3:20  Stalker  
  27  3:30  Assimilator  
  27  3:50  Stalker  
  29  4:02  Pylon  
  29  4:04  Probe (Chrono Boost)  
  29  4:05  Pylon  
  29  4:09  Pylon  
  30  4:15  Probe (Chrono Boost)  
  32  4:17  Probe (Chrono Boost)  
  32  4:21  Probe x2 (Chrono Boost)  
  34  4:24  Probe  
  34  4:29  Stalker  
  34  4:30  Probe  
  38  4:36  Probe  
  39  4:42  Probe  
  40  4:48  Probe (Chrono Boost)  
  42  5:00  Probe (Chrono Boost)  
  44  5:08  Probe x2 (Chrono Boost)  
  44  5:09  Stalker  
  44  5:12  Probe  
  47  5:25  Probe  
  48  5:32  Gateway  
  48  5:35  Gateway  
  48  5:37  Probe, Robotics Facility  
  48  5:40  Stargate  
  49  5:49  Probe  
  42  6:40  Probe  
  42  6:46  Assimilator  
  42  6:47  Immortal  
  47  6:48  Void Ray  
  47  6:49  Assimilator  
  47  6:51  Stalker  
  47  6:52  Probe, Stalker x2  
  47  6:53  Pylon  
  58  6:55  Pylon  
  58  7:21  Stalker x3  
  64  7:31  Void Ray  
  64  7:36  Nexus  
  66  7:53  Sentry  
  66  7:54  Sentry  
  66  7:58  Zealot  
  72  8:26  Probe  
  73  8:33  Stalker  
  73  8:34  Stalker x2  
  73  8:38  Probe  
  74  9:00  Pylon  
  74  9:02  Void Ray  
  78  9:05  Stalker  
  78  9:06  Stalker x2  
  88  9:10  Immortal  
  88  9:22  Probe (Chrono Boost)  
  90  9:33  Probe (Chrono Boost)  
  90  9:36  Probe  
  91  9:41  Stargate  
  91  9:49  Probe  
  92  10:01  Probe (Chrono Boost)  
  93  10:13  Probe (Chrono Boost)  
  94  10:14  Pylon  
  94  10:15  Probe  
  94  10:16  Pylon  
  94  10:20  Pylon  
  95  10:27  Probe  
  92  10:28  Photon Cannon  
  92  10:31  Photon Cannon  
  92  10:39  Probe  
  93  10:45  Void Ray  
  97  10:51  Void Ray  
  97  10:57  Stalker x3  
  103  11:28  Void Ray  
  82  11:33  Void Ray  
  82  11:35  Stalker x2  
  90  11:48  Probe  
  91  12:00  Probe  
  92  12:11  Void Ray  
  96  12:16  Void Ray  
  96  12:17  Observer  
  101  12:26  Stalker x3  
  107  12:39  Observer  
  102  12:54  Phoenix  
  98  12:59  Phoenix  
  98  13:00  Observer  
  97  13:26  Stalker x3  
  103  13:28  Void Ray x2  
  103  13:33  Protoss Ground Weapons Level 1  
  111  13:53  Stalker  
  111  13:54  Stalker x2  
  117  14:10  Twilight Council  
  113  15:22  Colossus  
  113  15:29  Void Ray x2  
  113  15:34  Stalker x2  
  125  15:47  Pylon  
  125  15:48  Pylon  
  125  15:53  Pylon  
  123  16:12  Void Ray  
  90  16:36  Stalker x2  
  90  16:39  Zealot  
  78  17:18  Stalker  
  78  17:20  Zealot  
  56  18:03  Stalker x3  
  62  18:06  Void Ray x2  
  54  18:13  Immortal  
  50  18:23  Protoss Ground Armor Level 1  
  50  18:40  Stalker x3  
  56  18:42  Resonating Glaives  
  56  18:49  Void Ray  
  56  18:52  Immortal  
  64  19:01  Void Ray  
  68  19:03  Gateway  
  68  19:04  Gateway, Stalker x2  
  68  19:05  Stalker  
  74  19:32  Void Ray  
  76  19:44  Void Ray  
  52  20:21  Stalker  
  52  20:22  Stalker x2  
Show
View Real Time Build Order
Export as new Build Order

wrimer Protoss 

Build Orders:  

Get SALT Encoding   

  12  0:02  Probe (Chrono Boost)  
  14  0:14  Probe (Chrono Boost)  
  14  0:20  Pylon  
  14  0:28  Assimilator  
  14  0:31  Probe  
  15  0:43  Probe  
  15  0:47  Gateway  
  16  0:55  Probe (Chrono Boost)  
  16  0:56  Assimilator  
  17  1:08  Probe (Chrono Boost)  
  18  1:14  Pylon  
  18  1:16  Probe (Chrono Boost)  
  19  1:22  Probe  
  20  1:34  Probe  
  20  1:39  Gateway  
  21  1:41  Zealot  
  21  1:46  Probe  
  24  1:58  Probe  
  25  2:19  Nexus  
  25  2:24  Zealot  
  27  2:34  Assimilator  
  27  2:39  Assimilator  
  27  2:46  Pylon  
  23  3:10  Pylon  
  23  3:15  Forge  
  23  3:18  Zealot x2  
  27  3:33  Cybernetics Core  
  27  3:38  Probe (Chrono Boost)  
  30  3:50  Probe x2 (Chrono Boost)  
  30  3:52  Probe (Chrono Boost)  
  32  3:59  Probe (Chrono Boost)  
  32  4:05  Probe (Chrono Boost)  
  34  4:14  Probe x2 (Chrono Boost)  
  35  4:19  Probe  
  36  4:31  Probe (Chrono Boost)  
  37  4:34  Zealot x2  
  37  4:35  Probe (Chrono Boost)  
  42  4:43  Probe (Chrono Boost)  
  43  4:51  Probe (Chrono Boost)  
  44  4:57  Probe  
  45  5:01  Pylon, Stalker  
  45  5:06  Pylon  
  47  5:09  Probe, Pylon  
  48  5:19  Protoss Air Weapons Level 1  
  48  5:21  Probe (Chrono Boost)  
  48  5:23  Stalker  
  51  5:31  Stalker  
  51  5:33  Probe (Chrono Boost)  
  54  5:36  Probe (Chrono Boost)  
  47  5:53  Zealot  
  43  6:01  Zealot  
  35  6:20  Zealot  
  35  6:22  Probe  
  38  6:28  Zealot  
  38  6:30  Photon Cannon  
  38  6:32  Photon Cannon  
  40  6:35  Photon Cannon  
  40  6:38  Photon Cannon  
  40  6:41  Photon Cannon  
  40  6:45  Stargate  
  40  6:46  Stargate  
  40  6:48  Stargate  
  42  6:55  Robotics Facility  
  44  7:02  Stalker x2  
  44  7:05  Probe (Chrono Boost)  
  47  7:19  Probe (Chrono Boost)  
  47  7:20  Probe (Chrono Boost)  
  49  7:25  Probe x3 (Chrono Boost)  
  49  7:28  Probe  
  42  7:34  Probe  
  37  7:46  Probe  
  37  7:50  Stalker x2  
  42  8:08  Probe (Chrono Boost)  
  43  8:18  Probe (Chrono Boost)  
  44  8:20  Stalker  
  44  8:21  Probe (Chrono Boost)  
  44  8:25  Void Ray x2  
  56  8:32  Probe x2 (Chrono Boost)  
  57  8:34  Probe  
  58  8:46  Probe  
  59  8:48  Photon Cannon  
  59  8:57  Photon Cannon, Void Ray  
  59  9:01  Photon Cannon  
  63  9:03  Photon Cannon  
  63  9:08  Void Ray  
  67  9:11  Pylon  
  67  9:16  Pylon  
  67  9:20  Pylon  
  67  9:25  Pylon  
  67  9:26  Pylon  
  67  9:32  Protoss Air Armor Level 1  
  67  9:39  Void Ray  
  67  9:40  Void Ray  
  75  9:54  Nexus  
  75  10:18  Fleet Beacon  
  74  10:43  Void Ray x3  
  86  11:02  Nexus  
  86  11:05  Pylon  
  86  11:08  Pylon  
  86  11:17  Nexus  
  86  11:50  Void Ray x2  
  86  11:52  Void Ray  
  98  12:13  Photon Cannon  
  98  12:16  Photon Cannon  
  98  12:20  Photon Cannon  
  98  12:26  Photon Cannon  
  98  12:33  Void Ray x2  
  41  13:02  Probe (Chrono Boost)  
  38  13:10  Probe (Chrono Boost)  
  40  13:16  Probe (Chrono Boost)  
  43  13:20  Probe x2 (Chrono Boost)  
  43  13:24  Probe x4 (Chrono Boost)  
  46  13:29  Probe (Chrono Boost)  
  46  13:32  Probe (Chrono Boost)  
  48  13:34  Probe (Chrono Boost)  
  51  13:42  Void Ray x2  
  51  13:43  Void Ray  
  51  13:46  Probe (Chrono Boost)  
  51  13:47  Probe x2 (Chrono Boost)  
  64  13:51  Probe (Chrono Boost)  
  64  13:54  Probe (Chrono Boost)  
  67  14:03  Probe (Chrono Boost), Assimilator  
  67  14:05  Probe  
  67  14:07  Assimilator  
  68  14:15  Probe (Chrono Boost)  
  71  14:25  Void Ray  
  71  14:27  Probe x2 (Chrono Boost)  
  71  14:29  Probe  
  71  14:30  Probe  
  77  14:35  Void Ray x2  
  85  14:41  Probe  
  86  14:46  Pylon  
  86  14:47  Pylon  
  86  14:50  Pylon  
  86  14:51  Pylon  
  86  14:54  Probe (Chrono Boost), Pylon  
  87  15:05  Probe (Chrono Boost)  
  88  15:11  Protoss Air Weapons Level 2  
  88  15:14  Void Ray  
  88  15:18  Void Ray x2  
  100  15:24  Probe  
  101  15:33  Assimilator  
  101  15:35  Assimilator  
  101  15:36  Probe (Chrono Boost)  
  104  15:45  Probe (Chrono Boost)  
  105  15:50  Probe (Chrono Boost)  
  105  15:51  Probe x2 (Chrono Boost)  
  105  15:54  Probe  
  103  15:57  Void Ray  
  103  16:01  Void Ray  
Show
View Real Time Build Order
Export as new Build Order

aVengerZ Zerg 

Build Orders: Hatch First, Roach Nydus 

Get SALT Encoding   

  12  0:01  Drone  
  13  0:12  Overlord  
  13  0:18  Drone  
  14  0:30  Drone  
  14  0:31  Drone  
  14  0:35  Drone  
  17  0:53  Hatchery  
  16  0:58  Drone, Extractor  
  16  1:05  Drone  
  17  1:22  Spawning Pool  
  16  1:26  Drone x2  
  18  1:38  Drone  
  19  1:41  Drone  
  20  1:49  Overlord  
  20  2:09  Metabolic Boost  
  20  2:10  Queen x2  
  20  2:15  Drone x2  
  26  2:19  Drone x2  
  28  2:38  Drone x4  
  32  2:55  Lair  
  32  2:58  Overlord x2  
  32  3:05  Drone x2  
  34  3:09  Overlord  
  34  3:12  Roach Warren  
  33  3:15  Drone, Extractor  
  33  3:25  Drone x5  
  38  3:30  Overlord  
  38  3:35  Overlord  
  38  3:39  Drone x2  
  38  3:41  Drone  
  41  3:57  Nydus Network  
  41  4:01  Roach  
  41  4:02  Roach x2  
  46  4:10  Extractor  
  45  4:21  Roach x4  
  53  4:33  Roach x3  
  53  4:34  Roach x5  
  69  4:45  Roach x2  
  73  4:49  Nydus Canal  
  73  4:52  Roach  
  75  4:54  Overlord  
  75  5:04  Zergling x2  
  76  5:22  Zergling x2  
  76  5:23  Zergling x12  
  64  5:58  Roach  
  64  5:59  Roach x6  
  78  6:11  Roach x3  
  80  6:13  Overlord x3  
  80  6:17  Overseer, Hatchery  
  83  6:25  Zergling x2  
  84  6:35  Pneumatized Carapace  
  84  6:37  Zergling x2  
  84  6:38  Zergling x4  
  87  6:42  Roach  
  87  6:43  Roach x5  
  99  7:03  Roach x4  
  107  7:18  Nydus Canal  
  107  7:23  Overlord x4  
  107  7:30  Roach x2  
  107  7:31  Roach  
  107  7:32  Glial Reconstitution  
  78  8:24  Roach x11  
  100  8:28  Queen  
  102  9:04  Queen, Spire  
  102  9:05  Extractor  
  102  9:07  Drone x2  
  102  9:08  Drone x7  
  111  9:34  Nydus Canal  
  111  9:42  Queen  
  111  9:44  Roach  
  111  9:45  Roach x12  
  139  9:50  Hydralisk Den  
  138  10:03  Roach x4  
  138  10:06  Overlord x2  
  138  10:07  Overlord x2  
  146  10:29  Muscular Augments  
  146  10:33  Hydralisk  
  146  10:34  Hydralisk x9  
  92  11:10  Zergling x2  
  71  11:11  Zergling x28  
  73  11:38  Nydus Canal  
  75  11:40  Roach x8  
  84  12:10  Zergling x2  
  84  12:11  Zergling x18  
  84  12:38  Roach  
  84  12:39  Roach x9  
  104  12:55  Mutalisk  
  104  12:56  Mutalisk x6  
  118  13:11  Mutalisk  
  118  13:12  Mutalisk x2  
  124  13:21  Extractor  
  124  13:22  Extractor  
  122  13:29  Mutalisk x6  
  122  13:30  Mutalisk x3  
  140  13:47  Nydus Canal  
  140  13:55  Roach  
  142  13:56  Roach x7  
  95  15:13  Infestation Pit  
  94  15:40  Mutalisk  
  94  15:41  Mutalisk x11  
  118  15:55  Nydus Canal  
  118  16:09  Zergling x4  
  118  16:10  Zergling x28  
  76  16:57  Roach x7  
  76  16:58  Roach x8  
Tags
 
Add a new tag
Caveats
  • Supply blocks, unpowered buildings, or Contaminate may cause inaccurate times.
  • Supply counts are checked every 10 seconds.